 Dungeon Crawl Stone Soup version 0.19-a0-1907-gcff654f (console) character file.

107 ChaseSP the Digger (level 4, -1/24 HPs)
             Began as a Gargoyle Earth Elementalist on Oct 22, 2016.
             Slain by Grinder (6 damage)
             ... while paralysed by Grinder
             ... on level 3 of the Dungeon.
             The game lasted 00:11:16 (2716 turns).

ChaseSP the Digger (Gargoyle Earth Elementalist)    Turns: 2716, Time: 00:11:17

Health: -1/24      AC:  0    Str: 11    XL:     4   Next: 85%
Magic:  1/7        EV:  5    Int: 17    God:
Gold:   179        SH:  0    Dex: 10    Spells: 2 memorised, 3 levels left

rFire  . . .     SeeInvis .     (weapon currently unavailable)
rCold  . . .     Gourm    .     (armour currently unavailable)
rNeg   + . .     Faith    .     (shield currently unavailable)
rPois  ∞         Spirit   .     (helmet currently unavailable)
rElec  .         Reflect  .     (cloak currently unavailable)
rCorr  .         Harm     .     (gloves currently unavailable)
MR     .....                    (boots currently unavailable)
Stlth  ++........               (amulet currently unavailable)
                                (ring currently unavailable)
                                (ring currently unavailable)

@: paralysed, porcupine-form, very slightly contaminated, invisible, quick
A: negative energy resistance 1, (electricity resistance), (unbreathing),
petrification resistance, rot immunity, AC +3
a: no special abilities


You were on level 3 of the Dungeon.
You were not hungry.
You were a spiny porcupine.
You visited 1 branch of the dungeon, and saw 3 of its levels.

You collected 179 gold pieces.

Inventory:

Hand Weapons
 a - a +0 spear
Missiles
 b - 82 stones (quivered)
 g - 3 silver javelins
Armour
 r - a +0 leather armour (melded)
Scrolls
 h - 2 scrolls of amnesia {unknown}
 i - a scroll of teleportation {unknown}
 o - 4 scrolls of identify {unknown}
 q - a scroll of recharging {unknown}
Potions
 f - a potion of invisibility
 k - a potion of heal wounds {unknown}
 l - a potion of curing {unknown}
 m - a potion of flight {unknown}
 p - a potion of cancellation {unknown}
Books
 e - a book of Geomancy

   Spells                             Type                      Level
   a - Sandblast                      Earth                        1
   b - Passwall                       Transmutation/Earth          2
   c - Stone Arrow                    Conjuration/Earth            3
   d - Petrify                        Transmutation/Earth          4
   e - Lee's Rapid Deconstruction     Earth                        5
Comestibles
 c - 3 chunks of flesh
 d - 4 bread rations
 n - a beef jerky


   Skills:
 - Level 1.5 Dodging
 - Level 2.1 Stealth
 - Level 2.0 Spellcasting
 + Level 2.9 Conjurations
   Level 0.7 Transmutations
 - Level 5.4 Earth Magic


You had 3 spell levels left.
You knew the following spells:

 Your Spells              Type           Power        Failure   Level  Hunger
a - Sandblast             Erth           ###...       2%          1    #......
b - Stone Arrow           Conj/Erth      ###...       12%         3    ###....


Dungeon Overview and Level Annotations

Branches:
Dungeon (3/15)

Altars:

Annotations:
D:3 Grinder


Innate Abilities, Weirdness & Mutations

You are resistant to torment.
((Your stone body is resilient. (AC +3)))
You are immune to poison.
You resist negative energy. (rN+)
((You are resistant to electric shocks. (rElec)))
((You can survive without breathing.))
You are immune to petrification.
You are immune to rotting.


Message History

Aiming: Sandblast
Press: ? - help, Shift-Dir - straight line, f/p - Grinder
Aim: Grinder, carrying a wand of polymorph {zapped: 1} (almost dead)
The rocky blast hits Grinder.
Grinder is almost dead.
Grinder gestures at you.
You suddenly lose the ability to move!
Grinder gestures at you.
You shrug off the repeated paralysis!
You can move again.
Grinder says, "Wait up."
Grinder zaps a wand.
You turn into a spiny porcupine.
Your 82 stones fall away!
You are now empty-handed.
Your +0 leather armour melds into your body.
Grinder gestures at you.
You suddenly lose the ability to move!
Grinder says, "Just stop there for a second..."
Grinder closely misses you. Grinder is struck by your spines. Grinder hits you.
You die...

#.....# #..†# ..#
#...# #.# #####.^.#
#.##
.?......###..######
.###.###..........#
#.#.#.#..........#
.........5.......#
#.#.#.#..r.......#
.....>...........#
#.#.#.#...<......#
#####..........#
#..........#
#..........#
############


You could see Grinder.

Vanquished Creatures
  Terence (D:2)
  4 worms
  5 dart slugs
  A leopard gecko (D:2)
  4 giant cockroaches
  6 goblins
  4 hobgoblins
  5 jackals
  2 ball pythons
  6 bats
  3 frilled lizards
  9 kobolds
  8 rats
58 creatures vanquished.

Notes
Turn   | Place    | Note
-------+----------+-------------------------------------------
     0 | D:1      | ChaseSP the Gargoyle Earth Elementalist began the quest for the Orb.
     0 | D:1      | Reached XP level 1. HP: 10/10 MP: 3/3
   112 | D:1      | Reached skill level 4 in Earth Magic
   408 | D:1      | Reached XP level 2. HP: 15/15 MP: 0/5
   916 | D:1      | Reached XP level 3. HP: 19/19 MP: 6/6
   920 | D:1      | Reached skill level 5 in Earth Magic
  1465 | D:2      | Learned a level 3 spell: Stone Arrow
  1688 | D:2      | Reached skill level 1 in Conjurations
  1860 | D:2      | Reached XP level 4. HP: 24/24 MP: 7/7
  2248 | D:2      | Noticed Terence
  2264 | D:2      | Killed Terence
  2688 | D:3      | Noticed Grinder
  2706 | D:3      | Paralysed by Grinder for 2 turns
  2712 | D:3      | Paralysed by Grinder for 5 turns
  2716 | D:3      | Slain by Grinder

Vault maps used:
D:1:      dpeg_arrival_pond, minivault_14
D:2:      first_bread, uniq_terence
D:3:      roderic_chinese_pattern_swastika, st_stairs_13, minmay_misc_feat_room,
          uniq_jessica, uniq_grinder

Skill      XL: |  1  2  3  4 |
---------------+-------------+-----
Earth Magic    | 4 5 |  5.4
Conjurations   | 1 2 |  2.9
Dodging        | |  1.5
Stealth        | |  2.1
Spellcasting   | |  2.0
Transmutations | |  0.7

Action                   |  1- 3 |  4- 6 || total
-------------------------+-------+-------++-------
Melee: Unarmed           |     5 |       ||     5
       Whip              |    26 |       ||    26
       Spear             |    96 |   110 ||   206
 Cast: Sandblast         |    20 |    18 ||    38
       Stone Arrow       |     4 |       ||     4
  Use: Potion            |       |     1 ||     1
 Stab: Sleeping          |     8 |     1 ||     9
       Distracted        |       |     1 ||     1
  Eat: Chunk             |     4 |     3 ||     7
Armor: Robe              |    55 |       ||    55
       Leather armour    |     3 |    59 ||    62
Dodge: Dodged            |    90 |    95 ||   185
